[ AOE2 MATCH · #492852963 ]
UnrankedVikings vs Dravidians
[ REPLAY ANALYSIS · EXTRACTED FROM THE RECORDED GAME ]
Feudal
10:38
Castle
17:08
Imperial
30:34
| APM avg | 34.1 |
| APM peak | 85 |
| eAPM avg | 16.5 |
| Villagers / military | 93 / 66 |
Focus
⚔️ 35.3% · 🌾 64.7%
Archer ×39 · Galley ×25 · Fishing Ship ×15 · Berserk ×1 · Mangonel ×1
Feudal
11:11
Castle
21:50
Imperial
37:14
| APM avg | 49.1 |
| APM peak | 73 |
| eAPM avg | 26.5 |
| Villagers / military | 118 / 52 |
Focus
⚔️ 32.9% · 🌾 67.1%
Spearman ×34 · Skirmisher ×13 · Fishing Ship ×10 · Unknown (1949) ×7 · Unknown (1942) ×5 · Unknown (1952) ×5
Feudal
11:13
Castle
15:23
Imperial
—
| APM avg | 59.3 |
| APM peak | 105 |
| eAPM avg | 42.6 |
| Villagers / military | 115 / 130 |
Focus
⚔️ 28.4% · 🌾 71.6%
Spearman ×67 · Archer ×51 · Fishing Ship ×23 · Armored Elephant ×7 · Mangonel ×3 · Urumi Swordsman ×2
Feudal
12:09
Castle
16:34
Imperial
—
| APM avg | 33.9 |
| APM peak | 53 |
| eAPM avg | 16.1 |
| Villagers / military | 72 / 95 |
Focus
⚔️ 33.1% · 🌾 66.9%
Composite Bowman ×71 · Fire Galley ×24 · Fishing Ship ×16 · Unknown (2626) ×8
Feudal
11:53
Castle
19:08
Imperial
—
| APM avg | 32.1 |
| APM peak | 56 |
| eAPM avg | 19.2 |
| Villagers / military | 153 / 127 |
Focus
⚔️ 19.6% · 🌾 80.4%
Knight ×64 · Steppe Lancer ×52 · Fishing Ship ×23 · Battering Ram ×11 · Unknown (2626) ×6
Feudal
10:39
Castle
22:13
Imperial
—
| APM avg | 29.5 |
| APM peak | 54 |
| eAPM avg | 18.7 |
| Villagers / military | 91 / 91 |
Focus
⚔️ 36.7% · 🌾 63.3%
Fire Galley ×51 · Galley ×23 · Fishing Ship ×20 · Unknown (2626) ×12 · Spearman ×10 · Skirmisher ×5
Feudal
12:45
Castle
17:03
Imperial
38:57
| APM avg | 39.3 |
| APM peak | 89 |
| eAPM avg | 27.2 |
| Villagers / military | 358 / 19 |
Focus
⚔️ 15.7% · 🌾 84.3%
Fishing Ship ×21 · Galley ×18 · Unknown (882) ×13 · Unknown (2626) ×3 · Fire Galley ×1
Feudal
12:21
Castle
17:06
Imperial
—
| APM avg | 48.9 |
| APM peak | 119 |
| eAPM avg | 21.4 |
| Villagers / military | 67 / 22 |
Focus
⚔️ 14.3% · 🌾 85.7%
Tarkan ×22
Match map
Initial resources + every placement click. Lines = walls · curves = elevation contours. ◆ gold · ⬟ stone · ● berries · ✦ relic · ◌ wall gap
Your base· ✓ Map-separated
16+顛峰 猛起's base· Open
拿捏木村's base· ✓ Map-separated
白给的巅峰's base· Open — 2t gap
tim.13's base· Open — unwalled flank
N B's base· Open — opponent sealed themselves in
random_aoe_user's base· ✓ Closed at 17:03 · 1t walls · no gate
freedom is not free's base· Open — 2t gap
Smoothed initial terrain · ◌ = detected wall gap · hover for details
Inputs per minute
— Whoosher9355 - - 16+顛峰 猛起
Build order — Whoosher9355
First 150 of 292 actions detected
| 1:10 | Build | Dock |
| 1:25 | Build | Town Center |
| 1:46 | Build | House |
| 2:16 | Queue | Villager (Male) ×4 |
| 2:47 | Queue | Fishing Ship |
| 2:55 | Build | House |
| 3:13 | Queue | Fishing Ship |
| 4:06 | Queue | Villager (Male) |
| 4:11 | Queue | Fishing Ship |
| 4:14 | Build | House |
| 4:29 | Queue | Fishing Ship |
| 4:40 | Queue | Villager (Male) |
| 4:52 | Build | Dock |
| 4:56 | Queue | Fishing Ship |
| 5:13 | Queue | Villager (Male) |
| 5:16 | Queue | Fishing Ship |
| 5:16 | Queue | Villager (Male) |
| 5:34 | Queue | Fishing Ship |
| 5:39 | Queue | Villager (Male) |
| 5:48 | Build | House |
| 5:58 | Queue | Fishing Ship |
| 5:58 | Queue | Fishing Ship |
| 6:07 | Queue | Villager (Male) |
| 6:13 | Build | House |
| 6:19 | Queue | Fishing Ship |
| 6:42 | Queue | Villager (Male) |
| 7:06 | Queue | Villager (Male) |
| 7:12 | Queue | Fishing Ship |
| 7:17 | Build | House |
| 7:28 | Queue | Fishing Ship |
| 7:38 | Queue | Villager (Male) |
| 7:40 | Research | Loom |
| 8:03 | Queue | Fishing Ship |
| 8:09 | Build | Lumber Camp |
| 8:28 | Research | Feudal Age |
| 8:38 | Build | Mining Camp |
| 8:46 | Queue | Fishing Ship |
| 8:53 | Queue | Fishing Ship |
| 9:26 | Build | Dock |
| 9:51 | Build | Palisade Wall |
| 10:25 | Build | House |
| 10:38 | Age | Feudal Age |
| 10:44 | Queue | Villager (Male) |
| 10:46 | Build | Blacksmith |
| 10:46 | Queue | Galley |
| 10:47 | Queue | Galley |
| 10:53 | Build | House |
| 10:55 | Build | Palisade Wall |
| 11:13 | Queue | Villager (Male) |
| 11:25 | Queue | Galley |
| 11:26 | Queue | Galley |
| 11:35 | Build | Mill |
| 11:35 | Queue | Villager (Male) |
| 11:46 | Queue | Villager (Male) |
| 11:50 | Queue | Galley |
| 11:58 | Queue | Villager (Male) |
| 12:05 | Research | Double-Bit Axe |
| 12:05 | Research | Double-Bit Axe |
| 12:06 | Queue | Villager (Male) |
| 12:07 | Queue | Villager (Male) |
| 12:28 | Build | House |
| 12:40 | Queue | Galley |
| 12:40 | Queue | Galley |
| 12:51 | Research | Fletching |
| 12:52 | Queue | Villager (Male) |
| 13:07 | Build | Market |
| 13:20 | Queue | Galley |
| 13:21 | Queue | Galley |
| 13:39 | Queue | Galley |
| 13:42 | Queue | Villager (Male) |
| 13:55 | Build | House |
| 13:58 | Queue | Galley |
| 14:03 | Queue | Galley |
| 14:28 | Research | Castle Age |
| 14:29 | Research | Castle Age |
| 14:31 | Queue | Galley |
| 14:33 | Queue | Galley |
| 15:12 | Queue | Galley |
| 15:12 | Queue | Galley |
| 15:26 | Queue | Galley |
| 15:55 | Queue | Galley |
| 16:13 | Build | Dock |
| 16:22 | Queue | Galley |
| 16:27 | Build | House |
| 17:08 | Age | Castle Age |
| 17:13 | Research | War Galley (upgrade) |
| 17:14 | Research | Bodkin Arrow |
| 17:14 | Research | Bodkin Arrow |
| 17:25 | Queue | Villager (Male) |
| 17:26 | Queue | Galley |
| 17:26 | Queue | Galley |
| 17:46 | Queue | Villager (Male) |
| 17:47 | Queue | Galley |
| 17:47 | Queue | Galley |
| 17:47 | Queue | Galley |
| 17:58 | Queue | Villager (Male) |
| 18:09 | Build | House |
| 18:11 | Build | University |
| 18:43 | Build | Town Center |
| 18:50 | Build | Town Center |
| 19:06 | Queue | Villager (Male) |
| 19:36 | Research | Town Watch |
| 19:40 | Queue | Villager (Male) |
| 19:49 | Queue | Villager (Male) |
| 19:57 | Build | House |
| 20:13 | Queue | Villager (Male) |
| 20:25 | Queue | Villager (Male) |
| 20:28 | Queue | Villager (Male) |
| 20:51 | Queue | Galley |
| 20:54 | Queue | Villager (Male) |
| 21:25 | Queue | Villager (Male) |
| 21:29 | Queue | Villager (Male) |
| 21:30 | Queue | Villager (Male) |
| 21:40 | Queue | Villager (Male) |
| 21:55 | Build | Mining Camp |
| 22:04 | Queue | Villager (Male) |
| 22:09 | Queue | Villager (Male) |
| 22:11 | Queue | Villager (Male) |
| 22:12 | Queue | Villager (Male) |
| 22:18 | Build | House |
| 22:25 | Build | House |
| 22:34 | Queue | Villager (Male) |
| 22:35 | Queue | Villager (Male) |
| 22:56 | Queue | Villager (Male) |
| 23:06 | Build | Siege Workshop |
| 23:09 | Queue | Villager (Male) |
| 23:19 | Build | Watch Tower |
| 23:35 | Build | Market |
| 23:38 | Queue | Villager (Male) |
| 23:39 | Queue | Villager (Male) |
| 24:09 | Research | Guard Tower (upgrade) |
| 24:10 | Research | Guard Tower (upgrade) |
| 24:10 | Queue | Villager (Male) |
| 24:10 | Queue | Villager (Male) |
| 24:11 | Queue | Villager (Male) |
| 24:19 | Queue | Villager (Male) |
| 24:29 | Build | Outpost |
| 24:37 | Queue | Villager (Male) |
| 24:37 | Queue | Villager (Male) |
| 24:37 | Queue | Villager (Male) |
| 24:54 | Queue | Villager (Male) |
| 25:28 | Build | Town Center |
| 26:02 | Build | Mining Camp |
| 26:39 | Build | House |
| 26:42 | Build | Monastery |
| 27:04 | Build | Barracks |
| 27:13 | Build | Town Center |
| 27:24 | Research | Imperial Age |
| 27:27 | Queue | Villager (Male) |
| 27:45 | Build | House |
Build order — 16+顛峰 猛起
First 150 of 387 actions detected
| 0:17 | Build | Dock |
| 0:42 | Build | House |
| 1:11 | Build | Town Center |
| 2:08 | Queue | Villager (Male) |
| 2:09 | Queue | Villager (Male) |
| 2:09 | Queue | Villager (Male) |
| 2:10 | Queue | Villager (Male) |
| 2:44 | Queue | Fishing Ship |
| 2:55 | Queue | Villager (Male) |
| 3:06 | Build | House |
| 3:11 | Queue | Fishing Ship |
| 3:36 | Build | House |
| 3:37 | Queue | Villager (Male) |
| 3:38 | Queue | Fishing Ship |
| 3:57 | Queue | Villager (Male) |
| 4:17 | Queue | Fishing Ship |
| 4:55 | Build | Dock |
| 4:56 | Queue | Fishing Ship |
| 4:58 | Queue | Villager (Male) |
| 5:00 | Build | House |
| 5:01 | Build | Palisade Wall |
| 5:12 | Queue | Villager (Male) |
| 5:23 | Queue | Villager (Male) |
| 5:27 | Build | House |
| 5:35 | Queue | Fishing Ship |
| 5:37 | Queue | Villager (Male) |
| 5:49 | Build | House |
| 5:53 | Queue | Fishing Ship |
| 6:04 | Build | House |
| 6:28 | Queue | Villager (Male) |
| 6:34 | Build | House |
| 6:37 | Build | House |
| 6:43 | Queue | Fishing Ship |
| 6:47 | Build | Palisade Wall |
| 7:32 | Build | House |
| 7:39 | Build | House |
| 7:40 | Queue | Villager (Male) |
| 7:41 | Queue | Villager (Male) |
| 7:41 | Queue | Villager (Male) |
| 7:41 | Queue | Villager (Male) |
| 7:43 | Queue | Fishing Ship |
| 7:51 | Build | House |
| 8:02 | Build | Mill |
| 8:09 | Build | Mill |
| 8:17 | Queue | Fishing Ship |
| 8:24 | Research | Loom |
| 8:28 | Build | House |
| 8:47 | Research | Feudal Age |
| 9:34 | Build | Barracks |
| 9:58 | Build | Mining Camp |
| 10:30 | Queue | Villager (Male) |
| 10:41 | Build | Mining Camp |
| 11:11 | Age | Feudal Age |
| 11:13 | Research | Double-Bit Axe |
| 11:14 | Queue | Spearman |
| 11:16 | Research | Horse Collar |
| 11:18 | Queue | Villager (Male) |
| 11:21 | Queue | Villager (Male) |
| 11:30 | Queue | Spearman |
| 11:33 | Queue | Villager (Male) |
| 11:44 | Build | Archery Range |
| 12:00 | Queue | Spearman |
| 12:02 | Queue | Villager (Male) |
| 12:23 | Research | Gold Mining |
| 12:31 | Build | House |
| 12:37 | Queue | Villager (Male) |
| 12:43 | Build | Lumber Camp |
| 12:54 | Queue | Archer |
| 12:55 | Queue | Archer |
| 13:04 | Build | House |
| 13:09 | Queue | Trade Cog |
| 13:09 | Queue | Trade Cog |
| 13:26 | Build | Blacksmith |
| 13:30 | Queue | Villager (Male) |
| 13:46 | Queue | Archer |
| 14:06 | Queue | Archer |
| 14:08 | Queue | Villager (Male) |
| 14:25 | Research | Fletching |
| 14:26 | Research | Fletching |
| 14:31 | Queue | Skirmisher |
| 14:32 | Queue | Skirmisher |
| 14:33 | Queue | Villager (Male) |
| 14:51 | Queue | Skirmisher |
| 14:55 | Queue | Villager (Male) |
| 15:09 | Queue | Villager (Male) |
| 15:23 | Build | Farm |
| 15:24 | Build | Farm |
| 15:25 | Build | Farm |
| 15:26 | Build | Farm |
| 15:28 | Build | Farm |
| 15:29 | Build | Farm |
| 15:45 | Build | Watch Tower |
| 15:55 | Queue | Villager (Male) |
| 15:58 | Build | Farm |
| 15:59 | Build | Farm |
| 16:05 | Queue | Villager (Male) |
| 16:16 | Queue | Skirmisher |
| 16:23 | Queue | Villager (Male) |
| 16:50 | Queue | Skirmisher |
| 16:52 | Research | Padded Archer Armor |
| 16:52 | Queue | Villager (Male) |
| 16:55 | Build | Farm |
| 16:58 | Build | Farm |
| 16:58 | Build | Farm |
| 16:59 | Build | Farm |
| 17:24 | Queue | Skirmisher |
| 17:36 | Queue | Villager (Male) |
| 17:45 | Build | Market |
| 17:55 | Queue | Skirmisher |
| 17:56 | Queue | Skirmisher |
| 18:00 | Queue | Villager (Male) |
| 18:04 | Build | House |
| 18:05 | Build | House |
| 18:45 | Queue | Villager (Male) |
| 19:04 | Research | Castle Age |
| 19:22 | Build | Mining Camp |
| 19:36 | Build | House |
| 19:40 | Build | House |
| 19:58 | Build | Farm |
| 20:00 | Build | Stable |
| 20:04 | Queue | Villager (Male) |
| 20:22 | Research | Stone Mining |
| 20:35 | Queue | Villager (Male) |
| 21:07 | Research | Bloodlines |
| 21:50 | Age | Castle Age |
| 21:50 | Queue | Villager (Male) |
| 21:53 | Research | Bow Saw |
| 21:53 | Research | Heavy Plow |
| 21:54 | Research | Gold Shaft Mining |
| 22:01 | Queue | Villager (Male) |
| 22:08 | Build | House |
| 22:09 | Build | House |
| 22:11 | Build | House |
| 22:12 | Build | House |
| 22:13 | Build | House |
| 22:16 | Queue | Villager (Male) |
| 22:28 | Build | Castle |
| 22:34 | Research | Bodkin Arrow |
| 22:34 | Research | Bodkin Arrow |
| 22:41 | Research | Scale Barding Armor |
| 22:48 | Queue | Villager (Male) |
| 22:56 | Build | Mill |
| 23:05 | Queue | Villager (Male) |
| 23:22 | Queue | Unit 1949 |
| 23:40 | Queue | Unit 1949 |
| 23:48 | Queue | Unit 1949 |
| 23:48 | Queue | Unit 1949 |
| 24:03 | Queue | Villager (Male) |
| 24:17 | Build | Farm |
| 24:21 | Queue | Monk |
Build order — 拿捏木村
First 150 of 401 actions detected
| 0:08 | Build | House |
| 0:27 | Build | Dock |
| 0:32 | Build | House |
| 1:35 | Build | Town Center |
| 1:48 | Queue | Fishing Ship |
| 2:13 | Queue | Fishing Ship |
| 3:00 | Queue | Villager (Male) |
| 3:00 | Queue | Villager (Male) |
| 3:00 | Queue | Villager (Male) |
| 3:01 | Queue | Villager (Male) |
| 3:19 | Queue | Fishing Ship |
| 3:20 | Queue | Fishing Ship |
| 4:04 | Queue | Fishing Ship |
| 4:28 | Queue | Fishing Ship |
| 4:37 | Queue | Villager (Male) |
| 5:01 | Queue | Villager (Male) |
| 5:03 | Queue | Villager (Male) |
| 5:16 | Build | Dock |
| 5:18 | Queue | Villager (Male) |
| 5:34 | Queue | Fishing Ship |
| 5:58 | Queue | Fishing Ship |
| 6:09 | Queue | Fishing Ship |
| 6:09 | Queue | Fishing Ship |
| 6:11 | Queue | Villager (Male) |
| 6:17 | Build | House |
| 6:21 | Queue | Villager (Male) |
| 6:40 | Queue | Fishing Ship |
| 6:40 | Queue | Fishing Ship |
| 7:01 | Build | Lumber Camp |
| 7:04 | Queue | Villager (Male) |
| 7:06 | Queue | Villager (Male) |
| 7:24 | Build | House |
| 7:29 | Queue | Fishing Ship |
| 8:00 | Queue | Villager (Male) |
| 8:05 | Queue | Fishing Ship |
| 8:25 | Queue | Fishing Ship |
| 8:34 | Queue | Villager (Male) |
| 8:41 | Queue | Fishing Ship |
| 9:03 | Research | Feudal Age |
| 9:08 | Build | House |
| 9:36 | Build | Dock |
| 9:43 | Queue | Villager (Male) |
| 9:46 | Queue | Fishing Ship |
| 10:18 | Queue | Fishing Ship |
| 10:20 | Queue | Fishing Ship |
| 10:24 | Queue | Fishing Ship |
| 11:13 | Age | Feudal Age |
| 11:19 | Build | House |
| 11:21 | Build | Barracks |
| 11:23 | Build | Blacksmith |
| 11:30 | Queue | Villager (Male) |
| 11:42 | Research | Double-Bit Axe |
| 11:49 | Queue | Fishing Ship |
| 11:55 | Queue | Fishing Ship |
| 11:55 | Queue | Fishing Ship |
| 12:21 | Build | Stable |
| 12:24 | Build | Archery Range |
| 12:43 | Research | Castle Age |
| 12:43 | Research | Castle Age |
| 12:47 | Build | Mining Camp |
| 12:58 | Build | Lumber Camp |
| 13:43 | Queue | Villager (Male) |
| 13:48 | Queue | Archer |
| 13:57 | Build | Archery Range |
| 13:57 | Research | Gold Mining |
| 13:59 | Build | Archery Range |
| 14:00 | Queue | Villager (Male) |
| 14:12 | Research | Wheelbarrow |
| 14:17 | Research | Fletching |
| 14:55 | Queue | Archer |
| 14:55 | Queue | Archer |
| 14:56 | Queue | Archer |
| 15:13 | Queue | Archer |
| 15:14 | Queue | Archer |
| 15:23 | Age | Castle Age |
| 15:26 | Build | Siege Workshop |
| 15:28 | Build | Siege Workshop |
| 15:31 | Queue | Villager (Male) |
| 15:36 | Build | Mill |
| 15:53 | Queue | Villager (Male) |
| 15:59 | Build | House |
| 16:09 | Research | Crossbowman (upgrade) |
| 16:10 | Research | Bodkin Arrow |
| 16:16 | Queue | Villager (Male) |
| 16:21 | Research | Bow Saw |
| 16:47 | Build | Market |
| 16:52 | Queue | Armored Elephant |
| 16:56 | Queue | Villager (Male) |
| 17:03 | Queue | Villager (Male) |
| 17:06 | Build | Mining Camp |
| 17:12 | Queue | Villager (Male) |
| 17:19 | Queue | Mangonel |
| 17:46 | Queue | Archer |
| 17:46 | Queue | Archer |
| 17:47 | Queue | Archer |
| 17:53 | Queue | Armored Elephant |
| 17:54 | Queue | Armored Elephant |
| 17:54 | Queue | Villager (Male) |
| 17:56 | Build | House |
| 17:58 | Build | House |
| 17:59 | Build | House |
| 17:59 | Build | House |
| 18:00 | Build | House |
| 18:16 | Build | House |
| 18:22 | Build | Mining Camp |
| 18:35 | Queue | Archer |
| 18:35 | Queue | Archer |
| 18:56 | Queue | Archer |
| 18:57 | Queue | Archer |
| 18:57 | Queue | Villager (Male) |
| 19:12 | Queue | Archer |
| 19:13 | Queue | Villager (Male) |
| 19:22 | Queue | Villager (Male) |
| 19:23 | Build | Town Center |
| 19:30 | Queue | Villager (Male) |
| 19:35 | Queue | Villager (Male) |
| 19:37 | Build | House |
| 20:03 | Queue | Armored Elephant |
| 20:03 | Queue | Armored Elephant |
| 20:20 | Queue | Mangonel |
| 20:21 | Queue | Mangonel |
| 20:29 | Queue | Archer |
| 20:30 | Queue | Archer |
| 20:30 | Queue | Archer |
| 20:32 | Queue | Villager (Male) |
| 20:35 | Queue | Villager (Male) |
| 20:39 | Build | House |
| 20:40 | Queue | Villager (Male) |
| 20:48 | Queue | Archer |
| 20:48 | Queue | Archer |
| 20:57 | Queue | Villager (Male) |
| 21:08 | Queue | Archer |
| 21:08 | Queue | Archer |
| 21:08 | Queue | Archer |
| 21:09 | Queue | Villager (Male) |
| 21:13 | Build | House |
| 21:56 | Queue | Archer |
| 21:57 | Queue | Archer |
| 21:57 | Queue | Archer |
| 21:58 | Queue | Villager (Male) |
| 21:59 | Build | House |
| 22:02 | Build | Lumber Camp |
| 22:20 | Queue | Villager (Male) |
| 22:22 | Queue | Villager (Male) |
| 22:24 | Build | Farm |
| 22:33 | Build | Town Center |
| 22:36 | Queue | Villager (Male) |
| 22:39 | Queue | Villager (Male) |
| 22:41 | Queue | Villager (Male) |
| 22:43 | Queue | Archer |
Build order — 白给的巅峰
First 150 of 209 actions detected
| 1:06 | Build | Dock |
| 1:18 | Build | House |
| 2:07 | Build | Town Center |
| 3:09 | Build | House |
| 3:11 | Queue | Villager (Male) |
| 3:15 | Queue | Fishing Ship |
| 3:24 | Build | House |
| 3:36 | Queue | Villager (Male) |
| 3:47 | Queue | Fishing Ship |
| 4:04 | Queue | Villager (Male) |
| 4:20 | Queue | Villager (Male) |
| 4:23 | Queue | Fishing Ship |
| 4:51 | Queue | Villager (Male) |
| 4:59 | Build | House |
| 5:14 | Queue | Villager (Male) |
| 5:17 | Queue | Fishing Ship |
| 5:41 | Build | Dock |
| 5:44 | Research | Loom |
| 5:48 | Queue | Fishing Ship |
| 6:03 | Queue | Villager (Male) |
| 6:08 | Build | House |
| 6:35 | Queue | Villager (Male) |
| 6:40 | Queue | Fishing Ship |
| 6:41 | Queue | Fishing Ship |
| 6:51 | Build | House |
| 6:54 | Queue | Villager (Male) |
| 6:56 | Queue | Fishing Ship |
| 6:57 | Queue | Fishing Ship |
| 7:19 | Queue | Villager (Male) |
| 7:23 | Queue | Fishing Ship |
| 7:28 | Build | House |
| 7:44 | Queue | Fishing Ship |
| 7:47 | Queue | Villager (Male) |
| 8:01 | Build | Palisade Wall |
| 8:12 | Queue | Villager (Male) |
| 8:26 | Queue | Fishing Ship |
| 8:28 | Queue | Villager (Male) |
| 8:50 | Queue | Fishing Ship |
| 8:53 | Queue | Villager (Male) |
| 9:01 | Queue | Villager (Male) |
| 9:18 | Build | House |
| 9:22 | Queue | Fishing Ship |
| 9:37 | Queue | Fishing Ship |
| 9:59 | Research | Feudal Age |
| 10:35 | Build | House |
| 11:22 | Queue | Villager (Male) |
| 11:27 | Build | House |
| 11:39 | Build | House |
| 11:57 | Build | Dock |
| 12:09 | Age | Feudal Age |
| 12:14 | Queue | Unit 2626 |
| 12:14 | Queue | Unit 2626 |
| 12:19 | Queue | Villager (Male) |
| 12:33 | Build | Mill |
| 12:37 | Build | Blacksmith |
| 12:52 | Research | Double-Bit Axe |
| 12:55 | Queue | Villager (Male) |
| 13:01 | Build | Market |
| 13:06 | Build | Mule Cart |
| 13:08 | Queue | Villager (Male) |
| 13:25 | Build | House |
| 13:30 | Build | Outpost |
| 13:41 | Build | Stone Wall |
| 13:52 | Queue | Unit 2626 |
| 13:52 | Queue | Unit 2626 |
| 13:53 | Queue | Unit 2626 |
| 13:54 | Research | Castle Age |
| 13:54 | Research | Castle Age |
| 14:23 | Queue | Unit 2626 |
| 14:27 | Queue | Unit 2626 |
| 14:27 | Queue | Unit 2626 |
| 15:22 | Queue | Villager (Male) |
| 15:34 | Build | Mule Cart |
| 16:01 | Queue | Fire Galley ×2 |
| 16:34 | Age | Castle Age |
| 16:37 | Queue | Fire Galley |
| 16:43 | Queue | Villager (Male) |
| 17:49 | Queue | Villager (Male) |
| 17:52 | Research | War Galley (upgrade) |
| 18:06 | Build | Castle |
| 18:24 | Queue | Fire Galley ×2 |
| 18:28 | Queue | Villager (Male) |
| 18:28 | Queue | Villager (Male) |
| 18:39 | Queue | Villager (Male) |
| 18:46 | Build | Mule Cart |
| 19:06 | Build | Mule Cart |
| 19:11 | Queue | Composite Bowman ×4 |
| 19:16 | Queue | Villager (Male) |
| 19:41 | Queue | Villager (Male) |
| 20:19 | Build | Town Center |
| 20:34 | Queue | Villager (Male) |
| 20:51 | Queue | Fire Galley |
| 20:51 | Queue | Fire Galley |
| 20:55 | Queue | Villager (Male) |
| 21:05 | Queue | Villager (Male) |
| 21:12 | Queue | Villager (Male) |
| 21:22 | Queue | Villager (Male) |
| 21:25 | Queue | Fire Galley |
| 21:25 | Queue | Fire Galley |
| 21:42 | Research | Fletching |
| 21:43 | Queue | Villager (Male) |
| 21:45 | Queue | Fishing Ship |
| 21:48 | Queue | Fire Galley |
| 21:48 | Queue | Fire Galley |
| 21:48 | Queue | Fire Galley |
| 21:55 | Queue | Villager (Male) |
| 22:13 | Queue | Fire Galley |
| 22:13 | Queue | Fire Galley |
| 22:14 | Queue | Fire Galley |
| 22:15 | Queue | Villager (Male) |
| 22:18 | Queue | Villager (Male) |
| 22:37 | Queue | Villager (Male) |
| 22:44 | Queue | Composite Bowman |
| 22:44 | Queue | Composite Bowman |
| 22:44 | Queue | Composite Bowman |
| 22:45 | Queue | Villager (Male) |
| 22:59 | Queue | Villager (Male) |
| 23:05 | Queue | Fire Galley ×2 |
| 23:05 | Queue | Fire Galley ×2 |
| 23:11 | Queue | Villager (Male) |
| 23:23 | Queue | Villager (Male) |
| 23:40 | Queue | Villager (Male) |
| 23:56 | Build | Castle |
| 24:11 | Queue | Villager (Male) |
| 24:23 | Queue | Fire Galley |
| 24:23 | Queue | Fire Galley |
| 24:23 | Queue | Fire Galley |
| 24:24 | Queue | Fire Galley |
| 24:24 | Queue | Fire Galley |
| 24:33 | Queue | Villager (Male) |
| 25:12 | Build | House |
| 25:13 | Build | House |
| 25:20 | Queue | Composite Bowman ×5 |
| 25:20 | Queue | Composite Bowman ×5 |
| 25:46 | Queue | Villager (Male) |
| 26:09 | Queue | Villager (Male) |
| 26:14 | Research | Town Watch |
| 26:39 | Queue | Composite Bowman ×5 |
| 26:39 | Queue | Composite Bowman ×5 |
| 26:40 | Queue | Composite Bowman ×3 |
| 26:43 | Queue | Villager (Male) |
| 27:24 | Queue | Villager (Male) |
| 27:26 | Queue | Composite Bowman ×5 |
| 27:26 | Queue | Composite Bowman ×5 |
| 27:33 | Build | Mule Cart |
| 28:07 | Queue | Composite Bowman ×3 |
| 28:07 | Queue | Composite Bowman ×3 |
| 29:18 | Queue | Villager (Male) |
| 29:32 | Queue | Villager (Male) |
| 29:34 | Queue | Composite Bowman ×5 |
Build order — tim.13
First 150 of 382 actions detected
| 0:27 | Build | House |
| 1:36 | Build | Dock |
| 1:43 | Build | Town Center |
| 2:13 | Queue | Fishing Ship |
| 2:34 | Queue | Villager (Male) |
| 2:34 | Queue | Villager (Male) |
| 2:34 | Queue | Villager (Male) |
| 2:35 | Queue | Villager (Male) |
| 2:35 | Queue | Villager (Male) |
| 2:46 | Build | House |
| 3:15 | Queue | Fishing Ship |
| 3:32 | Build | House |
| 3:56 | Queue | Fishing Ship |
| 4:16 | Research | Loom |
| 4:28 | Queue | Fishing Ship |
| 4:36 | Queue | Villager (Male) |
| 5:02 | Queue | Villager (Male) |
| 5:09 | Build | Dock |
| 5:13 | Queue | Fishing Ship |
| 5:17 | Build | House |
| 5:30 | Queue | Villager (Male) |
| 5:30 | Queue | Villager (Male) |
| 5:41 | Queue | Fishing Ship |
| 5:53 | Queue | Fishing Ship |
| 6:15 | Build | House |
| 6:21 | Queue | Villager (Male) |
| 6:41 | Queue | Villager (Male) |
| 6:42 | Queue | Fishing Ship |
| 6:44 | Queue | Fishing Ship |
| 6:56 | Queue | Villager (Male) |
| 6:56 | Queue | Villager (Male) |
| 7:03 | Queue | Fishing Ship |
| 7:15 | Queue | Villager (Male) |
| 7:22 | Build | House |
| 7:30 | Queue | Fishing Ship |
| 7:43 | Queue | Fishing Ship |
| 8:13 | Build | Mill |
| 8:14 | Queue | Villager (Male) |
| 8:15 | Queue | Villager (Male) |
| 8:19 | Queue | Fishing Ship |
| 8:43 | Queue | Fishing Ship |
| 8:47 | Build | House |
| 8:56 | Build | House |
| 8:59 | Queue | Villager (Male) |
| 9:00 | Queue | Villager (Male) |
| 9:22 | Build | Lumber Camp |
| 9:43 | Research | Feudal Age |
| 9:49 | Queue | Fishing Ship |
| 10:16 | Build | House |
| 10:26 | Queue | Fishing Ship |
| 10:27 | Queue | Fishing Ship |
| 10:29 | Queue | Fishing Ship |
| 11:45 | Queue | Villager (Male) |
| 11:45 | Queue | Villager (Male) |
| 11:53 | Age | Feudal Age |
| 12:00 | Build | Town Center |
| 12:30 | Research | Double-Bit Axe |
| 12:41 | Research | Tech 906 |
| 12:47 | Build | Dock |
| 13:06 | Research | Wheelbarrow |
| 13:13 | Research | Horse Collar |
| 13:28 | Build | Market |
| 13:35 | Build | House |
| 13:40 | Queue | Fishing Ship |
| 13:42 | Queue | Fishing Ship |
| 13:56 | Queue | Fishing Ship |
| 13:58 | Queue | Villager (Male) |
| 13:58 | Queue | Villager (Male) |
| 14:21 | Queue | Villager (Male) |
| 14:21 | Queue | Villager (Male) |
| 14:22 | Queue | Villager (Male) |
| 14:23 | Queue | Villager (Male) |
| 14:36 | Queue | Unit 2626 |
| 14:36 | Queue | Unit 2626 |
| 14:51 | Queue | Unit 2626 |
| 15:02 | Build | Mining Camp |
| 15:04 | Queue | Villager (Male) |
| 15:06 | Queue | Villager (Male) |
| 15:06 | Queue | Villager (Male) |
| 15:09 | Build | Lumber Camp |
| 15:25 | Queue | Fishing Ship |
| 15:25 | Queue | Fishing Ship |
| 15:38 | Build | House |
| 15:40 | Queue | Villager (Male) |
| 15:46 | Build | Blacksmith |
| 15:57 | Research | Gold Mining |
| 16:06 | Queue | Villager (Male) |
| 16:06 | Queue | Villager (Male) |
| 16:28 | Research | Castle Age |
| 16:30 | Queue | Villager (Male) |
| 16:30 | Queue | Villager (Male) |
| 16:39 | Queue | Unit 2626 |
| 16:47 | Queue | Unit 2626 |
| 16:59 | Queue | Unit 2626 |
| 17:03 | Build | Lumber Camp |
| 17:33 | Build | House |
| 17:38 | Build | House |
| 17:38 | Build | House |
| 17:39 | Build | House |
| 18:04 | Research | Stone Mining |
| 18:36 | Queue | Villager (Male) |
| 18:36 | Queue | Villager (Male) |
| 18:37 | Queue | Villager (Male) |
| 18:37 | Queue | Villager (Male) |
| 19:08 | Age | Castle Age |
| 19:30 | Queue | Villager (Male) |
| 19:30 | Queue | Villager (Male) |
| 19:31 | Queue | Villager (Male) |
| 19:31 | Queue | Villager (Male) |
| 19:31 | Queue | Villager (Male) |
| 19:31 | Queue | Villager (Male) |
| 19:33 | Research | Bow Saw |
| 19:58 | Build | Town Center |
| 20:15 | Build | Town Center |
| 20:18 | Queue | Villager (Male) |
| 20:25 | Build | Farm |
| 20:26 | Build | Farm |
| 20:28 | Queue | Villager (Male) |
| 20:38 | Queue | Villager (Male) |
| 20:38 | Queue | Villager (Male) |
| 20:49 | Build | Barracks |
| 20:52 | Build | Farm |
| 20:53 | Queue | Villager (Male) |
| 21:08 | Queue | Villager (Male) |
| 21:08 | Queue | Villager (Male) |
| 21:24 | Research | Scale Barding Armor |
| 21:27 | Build | Stable |
| 21:27 | Build | Stable |
| 21:27 | Build | Stable |
| 21:28 | Build | Stable |
| 21:28 | Build | Stable |
| 21:28 | Build | Stable |
| 22:00 | Queue | Villager (Male) |
| 22:00 | Queue | Villager (Male) |
| 22:00 | Queue | Villager (Male) |
| 22:00 | Queue | Villager (Male) |
| 22:01 | Queue | Villager (Male) |
| 22:01 | Queue | Villager (Male) |
| 22:01 | Queue | Villager (Male) |
| 22:17 | Research | Bloodlines |
| 22:17 | Queue | Steppe Lancer |
| 22:20 | Research | Chain Barding Armor |
| 22:25 | Queue | Villager (Male) |
| 22:28 | Queue | Steppe Lancer ×5 |
| 22:55 | Build | Farm |
| 22:57 | Build | Farm |
| 22:59 | Build | Farm |
| 23:00 | Build | Farm |
| 23:01 | Queue | Villager (Male) |
| 23:01 | Queue | Villager (Male) |
Build order — N B
First 150 of 258 actions detected
| 0:08 | Build | Dock |
| 1:02 | Queue | Fishing Ship |
| 1:02 | Queue | Fishing Ship |
| 1:22 | Build | Town Center |
| 2:11 | Build | House |
| 2:17 | Queue | Villager (Male) ×4 |
| 2:17 | Queue | Villager (Male) ×4 |
| 2:18 | Queue | Villager (Male) ×4 |
| 2:47 | Queue | Fishing Ship |
| 2:50 | Build | House |
| 3:25 | Queue | Fishing Ship |
| 3:35 | Queue | Villager (Male) |
| 4:00 | Queue | Fishing Ship |
| 4:18 | Queue | Villager (Male) |
| 4:26 | Build | Dock |
| 4:51 | Queue | Fishing Ship |
| 4:59 | Queue | Villager (Male) |
| 5:14 | Build | House |
| 5:17 | Queue | Fishing Ship |
| 5:34 | Queue | Villager (Male) |
| 5:50 | Queue | Villager (Male) |
| 5:53 | Queue | Fishing Ship |
| 5:53 | Queue | Fishing Ship |
| 6:15 | Queue | Villager (Male) |
| 6:18 | Queue | Fishing Ship |
| 6:20 | Queue | Villager (Male) |
| 6:21 | Build | House |
| 6:23 | Queue | Villager (Male) |
| 6:39 | Queue | Villager (Male) |
| 6:42 | Queue | Fishing Ship |
| 6:43 | Queue | Fishing Ship |
| 6:51 | Queue | Villager (Male) |
| 6:59 | Build | House |
| 7:18 | Queue | Fishing Ship |
| 7:37 | Queue | Villager (Male) |
| 7:43 | Queue | Fishing Ship |
| 7:54 | Queue | Villager (Male) |
| 8:01 | Queue | Fishing Ship |
| 8:05 | Queue | Villager (Male) |
| 8:07 | Queue | Villager (Male) |
| 8:27 | Research | Feudal Age |
| 8:27 | Research | Feudal Age |
| 8:34 | Build | Dock |
| 8:57 | Queue | Villager (Male) |
| 9:16 | Build | Dock |
| 9:21 | Queue | Villager (Male) |
| 9:30 | Queue | Villager (Male) |
| 9:40 | Build | Lumber Camp |
| 10:13 | Queue | Villager (Male) |
| 10:25 | Queue | Villager (Male) |
| 10:39 | Age | Feudal Age |
| 10:40 | Queue | Galley |
| 10:40 | Queue | Galley |
| 10:41 | Queue | Galley |
| 10:41 | Queue | Galley |
| 10:44 | Build | Blacksmith |
| 10:47 | Queue | Villager (Male) |
| 11:01 | Queue | Galley ×2 |
| 11:30 | Queue | Unit 2626 ×2 |
| 11:30 | Queue | Unit 2626 ×2 |
| 11:34 | Queue | Villager (Male) |
| 11:37 | Research | Fletching |
| 11:37 | Research | Fletching |
| 11:45 | Queue | Galley |
| 11:45 | Queue | Galley |
| 11:46 | Queue | Galley |
| 12:13 | Queue | Galley ×2 |
| 12:36 | Queue | Villager (Male) |
| 12:41 | Build | Mill |
| 12:45 | Build | House |
| 12:45 | Build | House |
| 12:45 | Build | House |
| 12:46 | Build | House |
| 12:54 | Queue | Galley |
| 13:00 | Build | House |
| 13:11 | Queue | Villager (Male) |
| 13:17 | Queue | Villager (Male) |
| 13:47 | Queue | Galley ×4 |
| 13:49 | Queue | Villager (Male) |
| 14:07 | Queue | Fire Galley ×3 |
| 14:07 | Queue | Fire Galley ×3 |
| 14:11 | Build | House |
| 14:12 | Build | House |
| 14:12 | Build | House |
| 14:12 | Build | House |
| 14:13 | Build | House |
| 14:48 | Queue | Villager (Male) |
| 14:52 | Queue | Villager (Male) |
| 14:55 | Queue | Fire Galley ×4 |
| 15:13 | Queue | Fire Galley ×3 |
| 15:13 | Queue | Fire Galley ×3 |
| 15:20 | Queue | Villager (Male) |
| 15:22 | Queue | Villager (Male) |
| 15:58 | Queue | Villager (Male) |
| 16:01 | Build | Farm |
| 16:01 | Build | Farm |
| 16:01 | Build | Farm |
| 16:02 | Build | Farm |
| 16:06 | Queue | Galley |
| 16:37 | Queue | Galley ×5 |
| 16:38 | Queue | Villager (Male) |
| 16:44 | Queue | Villager (Male) |
| 16:48 | Queue | Villager (Male) |
| 16:49 | Build | Farm |
| 16:52 | Build | Farm |
| 16:53 | Queue | Villager (Male) |
| 17:22 | Build | Farm |
| 17:22 | Build | Farm |
| 17:23 | Build | Farm |
| 17:23 | Build | Farm |
| 17:23 | Build | Farm |
| 17:23 | Build | Farm |
| 17:44 | Queue | Fishing Ship ×5 |
| 18:09 | Build | Dock |
| 18:13 | Queue | Villager (Male) |
| 18:40 | Queue | Villager (Male) |
| 18:42 | Build | Market |
| 18:55 | Build | Mining Camp |
| 18:59 | Build | Lumber Camp |
| 19:02 | Queue | Villager (Male) |
| 19:33 | Research | Castle Age |
| 19:33 | Research | Castle Age |
| 20:02 | Queue | Fire Galley |
| 20:17 | Queue | Villager (Male) |
| 20:24 | Queue | Villager (Male) |
| 20:33 | Queue | Fire Galley |
| 20:34 | Queue | Fire Galley |
| 20:58 | Queue | Fire Galley ×5 |
| 20:58 | Queue | Fire Galley ×3 |
| 20:59 | Queue | Fire Galley ×3 |
| 21:44 | Build | Dock |
| 21:48 | Queue | Fire Galley ×3 |
| 21:57 | Queue | Villager (Male) |
| 22:13 | Age | Castle Age |
| 22:19 | Research | War Galley (upgrade) |
| 22:30 | Queue | Villager (Male) |
| 22:39 | Queue | Fire Galley |
| 22:39 | Queue | Fire Galley |
| 22:55 | Queue | Villager (Male) |
| 23:03 | Queue | Villager (Male) |
| 23:08 | Queue | Fire Galley ×4 |
| 23:08 | Queue | Fire Galley ×4 |
| 23:16 | Research | Bodkin Arrow |
| 23:16 | Research | Bodkin Arrow |
| 23:33 | Research | Forging |
| 23:34 | Queue | Villager (Male) |
| 23:36 | Build | House |
| 23:36 | Build | House |
| 23:37 | Build | House |
| 23:47 | Queue | Fire Galley |
Build order — random_aoe_user
First 150 of 551 actions detected
| 0:07 | Build | House |
| 0:51 | Build | Dock |
| 2:21 | Build | Town Center |
| 3:13 | Queue | Villager (Male) |
| 3:13 | Queue | Villager (Male) |
| 3:13 | Queue | Villager (Male) |
| 3:14 | Queue | Villager (Male) |
| 3:14 | Queue | Villager (Male) |
| 3:14 | Queue | Villager (Male) |
| 3:35 | Build | House |
| 3:43 | Queue | Fishing Ship |
| 4:13 | Queue | Fishing Ship |
| 4:28 | Queue | Fishing Ship |
| 4:38 | Queue | Villager (Male) |
| 4:39 | Queue | Villager (Male) |
| 4:39 | Queue | Villager (Male) |
| 4:45 | Build | House |
| 5:07 | Queue | Fishing Ship |
| 5:21 | Queue | Villager (Male) |
| 5:21 | Queue | Villager (Male) |
| 5:21 | Queue | Villager (Male) |
| 5:21 | Queue | Villager (Male) |
| 5:41 | Build | House |
| 5:44 | Queue | Fishing Ship |
| 5:55 | Queue | Villager (Male) |
| 6:13 | Queue | Villager (Male) |
| 6:13 | Queue | Villager (Male) |
| 6:13 | Queue | Villager (Male) |
| 6:13 | Queue | Villager (Male) |
| 6:23 | Build | Lumber Camp |
| 6:30 | Queue | Villager (Male) |
| 6:30 | Queue | Villager (Male) |
| 6:31 | Queue | Villager (Male) |
| 6:42 | Queue | Fishing Ship |
| 7:09 | Queue | Fishing Ship |
| 7:31 | Queue | Villager (Male) |
| 7:31 | Queue | Villager (Male) |
| 7:43 | Build | House |
| 8:37 | Build | Dock |
| 8:46 | Queue | Villager (Male) |
| 8:47 | Queue | Villager (Male) |
| 8:58 | Build | Dock |
| 9:17 | Queue | Villager (Male) |
| 9:24 | Build | House |
| 9:25 | Build | House |
| 9:29 | Queue | Fishing Ship |
| 9:48 | Research | Loom |
| 10:08 | Build | Mining Camp |
| 10:25 | Build | Lumber Camp |
| 10:29 | Build | Mill |
| 10:35 | Research | Feudal Age |
| 10:36 | Queue | Fishing Ship |
| 10:39 | Queue | Fishing Ship |
| 10:42 | Queue | Fishing Ship |
| 11:08 | Build | House |
| 11:10 | Build | Palisade Wall |
| 11:48 | Build | House |
| 11:48 | Build | House |
| 11:53 | Build | Mill |
| 12:34 | Queue | Fishing Ship |
| 12:36 | Queue | Fishing Ship |
| 12:45 | Age | Feudal Age |
| 12:48 | Build | Blacksmith |
| 12:56 | Queue | Villager (Male) |
| 13:01 | Build | Market |
| 13:13 | Queue | Fishing Ship |
| 13:17 | Build | Dock |
| 13:22 | Queue | Galley |
| 13:22 | Queue | Galley |
| 13:54 | Queue | Villager (Male) |
| 13:54 | Queue | Villager (Male) |
| 13:55 | Queue | Villager (Male) |
| 14:05 | Queue | Fire Galley |
| 14:11 | Queue | Galley |
| 14:23 | Research | Castle Age |
| 14:31 | Build | Dock |
| 14:46 | Research | Fletching |
| 15:16 | Queue | Galley |
| 15:16 | Queue | Galley |
| 15:17 | Queue | Galley |
| 15:33 | Queue | Galley |
| 15:48 | Queue | Galley |
| 16:01 | Build | Dock |
| 16:04 | Queue | Galley |
| 16:04 | Queue | Galley |
| 16:04 | Queue | Galley |
| 16:04 | Queue | Galley |
| 16:25 | Build | Mining Camp |
| 16:32 | Queue | Galley |
| 16:32 | Queue | Galley |
| 16:32 | Queue | Galley |
| 16:32 | Queue | Galley |
| 17:03 | Age | Castle Age |
| 17:10 | Research | Bodkin Arrow |
| 17:13 | Research | War Galley (upgrade) |
| 17:26 | Build | House |
| 17:27 | Build | House |
| 17:39 | Queue | Villager (Male) |
| 17:42 | Build | Lumber Camp |
| 18:03 | Queue | Villager (Male) |
| 18:32 | Build | Town Center |
| 19:44 | Queue | Villager (Male) |
| 19:44 | Queue | Villager (Male) |
| 19:45 | Queue | Villager (Male) |
| 19:45 | Queue | Villager (Male) |
| 19:45 | Queue | Villager (Male) |
| 20:24 | Build | Town Center |
| 21:02 | Build | Lumber Camp |
| 21:04 | Queue | Villager (Male) |
| 21:04 | Queue | Villager (Male) |
| 21:04 | Queue | Villager (Male) |
| 21:04 | Queue | Villager (Male) |
| 21:20 | Research | Double-Bit Axe |
| 21:46 | Queue | Villager (Male) |
| 21:46 | Queue | Villager (Male) |
| 21:46 | Queue | Villager (Male) |
| 21:46 | Queue | Villager (Male) |
| 21:46 | Queue | Villager (Male) |
| 22:04 | Queue | Galley |
| 22:04 | Queue | Galley |
| 22:06 | Queue | Villager (Male) |
| 22:06 | Queue | Villager (Male) |
| 22:06 | Queue | Villager (Male) |
| 22:06 | Queue | Villager (Male) |
| 22:06 | Queue | Villager (Male) |
| 22:06 | Queue | Villager (Male) |
| 22:06 | Queue | Villager (Male) |
| 22:14 | Build | Farm |
| 22:36 | Queue | Fishing Ship |
| 22:36 | Queue | Fishing Ship |
| 22:36 | Queue | Fishing Ship |
| 23:11 | Queue | Villager (Male) |
| 23:11 | Queue | Villager (Male) |
| 23:11 | Queue | Villager (Male) |
| 23:12 | Queue | Villager (Male) |
| 23:12 | Queue | Villager (Male) |
| 23:12 | Queue | Villager (Male) |
| 23:20 | Build | Town Center |
| 23:38 | Build | Farm |
| 23:44 | Queue | Fishing Ship |
| 23:45 | Queue | Fishing Ship |
| 23:45 | Queue | Fishing Ship |
| 23:45 | Queue | Fishing Ship |
| 24:25 | Queue | Unit 2626 |
| 24:26 | Queue | Unit 2626 |
| 24:26 | Queue | Unit 2626 |
| 24:36 | Queue | Villager (Male) |
| 24:36 | Queue | Villager (Male) |
| 24:45 | Queue | Villager (Male) |
| 24:45 | Queue | Villager (Male) |
Build order — freedom is not free
136 actions detected in the replay
| 1:19 | Build | Town Center |
| 3:11 | Build | Town Center |
| 3:56 | Queue | Villager (Male) |
| 3:56 | Queue | Villager (Male) |
| 3:56 | Queue | Villager (Male) |
| 3:57 | Queue | Villager (Male) |
| 3:57 | Queue | Villager (Male) |
| 4:30 | Build | Mill |
| 5:08 | Queue | Villager (Male) |
| 5:09 | Queue | Villager (Male) |
| 5:49 | Queue | Villager (Male) |
| 5:50 | Queue | Villager (Male) |
| 6:20 | Queue | Villager (Male) |
| 6:20 | Queue | Villager (Male) |
| 6:40 | Queue | Villager (Male) |
| 6:40 | Queue | Villager (Male) |
| 7:08 | Queue | Villager (Male) |
| 7:08 | Queue | Villager (Male) |
| 7:34 | Queue | Villager (Male) |
| 7:35 | Queue | Villager (Male) |
| 7:48 | Queue | Villager (Male) |
| 7:49 | Queue | Villager (Male) |
| 8:20 | Queue | Villager (Male) |
| 8:20 | Queue | Villager (Male) |
| 9:13 | Queue | Villager (Male) |
| 9:13 | Queue | Villager (Male) |
| 9:57 | Research | Feudal Age |
| 10:47 | Queue | Villager (Male) |
| 10:47 | Queue | Villager (Male) |
| 11:28 | Build | Mining Camp |
| 12:21 | Age | Feudal Age |
| 12:28 | Build | Market |
| 12:36 | Build | Blacksmith |
| 12:42 | Research | Loom |
| 12:44 | Queue | Villager (Male) |
| 12:56 | Queue | Villager (Male) |
| 13:20 | Build | Mining Camp |
| 13:48 | Build | Watch Tower |
| 13:54 | Queue | Villager (Male) |
| 14:16 | Queue | Villager (Male) |
| 14:18 | Research | Castle Age |
| 14:18 | Research | Castle Age |
| 15:09 | Queue | Villager (Male) |
| 15:09 | Queue | Villager (Male) |
| 17:06 | Age | Castle Age |
| 17:24 | Research | Fletching |
| 17:39 | Build | Watch Tower |
| 19:23 | Queue | Villager (Male) |
| 19:24 | Queue | Villager (Male) |
| 19:24 | Queue | Villager (Male) |
| 19:56 | Build | Mill |
| 21:09 | Queue | Villager (Male) |
| 21:09 | Queue | Villager (Male) |
| 21:31 | Queue | Villager (Male) |
| 21:31 | Queue | Villager (Male) |
| 21:51 | Queue | Villager (Male) |
| 21:51 | Queue | Villager (Male) |
| 22:09 | Queue | Villager (Male) |
| 23:05 | Build | Castle |
| 23:22 | Build | Lumber Camp |
| 23:45 | Research | Town Watch |
| 23:59 | Queue | Tarkan |
| 25:09 | Build | Town Center |
| 27:01 | Queue | Tarkan |
| 27:01 | Queue | Tarkan |
| 27:15 | Queue | Villager (Male) |
| 27:15 | Queue | Villager (Male) |
| 27:48 | Queue | Tarkan |
| 27:49 | Queue | Tarkan |
| 27:49 | Queue | Tarkan |
| 28:30 | Build | Farm |
| 28:32 | Build | Farm |
| 28:33 | Build | Farm |
| 28:34 | Build | Farm |
| 28:35 | Build | Farm |
| 29:01 | Build | Farm |
| 29:39 | Queue | Tarkan |
| 29:40 | Queue | Tarkan |
| 29:40 | Queue | Tarkan |
| 30:19 | Queue | Villager (Male) |
| 30:19 | Queue | Villager (Male) |
| 30:37 | Queue | Villager (Male) |
| 30:52 | Build | Farm |
| 30:53 | Build | Farm |
| 30:54 | Build | Farm |
| 30:55 | Build | Farm |
| 30:56 | Build | Farm |
| 31:01 | Queue | Villager (Male) |
| 31:13 | Build | Mill |
| 31:23 | Queue | Villager (Male) |
| 31:56 | Queue | Villager (Male) |
| 31:56 | Queue | Villager (Male) |
| 32:26 | Queue | Villager (Male) |
| 32:26 | Queue | Villager (Male) |
| 32:26 | Queue | Villager (Male) |
| 32:47 | Build | Outpost |
| 33:00 | Queue | Tarkan |
| 33:03 | Queue | Villager (Male) |
| 33:03 | Queue | Villager (Male) |
| 33:09 | Build | Farm |
| 33:10 | Build | Farm |
| 33:41 | Build | Watch Tower |
| 33:44 | Queue | Villager (Male) |
| 33:45 | Queue | Villager (Male) |
| 33:49 | Queue | Tarkan |
| 34:05 | Queue | Tarkan |
| 34:26 | Queue | Villager (Male) |
| 34:26 | Queue | Villager (Male) |
| 34:26 | Queue | Villager (Male) |
| 34:37 | Build | Blacksmith |
| 35:08 | Research | Wheelbarrow |
| 35:28 | Queue | Tarkan |
| 35:28 | Queue | Tarkan |
| 35:36 | Build | Farm |
| 35:37 | Build | Farm |
| 35:38 | Build | Farm |
| 35:39 | Build | Farm |
| 35:45 | Queue | Villager (Male) |
| 36:20 | Research | Scale Barding Armor |
| 36:25 | Research | Bodkin Arrow |
| 36:28 | Queue | Villager (Male) |
| 36:46 | Queue | Tarkan |
| 37:19 | Research | Scale Barding Armor |
| 37:44 | Queue | Tarkan |
| 37:44 | Queue | Tarkan |
| 37:45 | Queue | Tarkan |
| 38:05 | Queue | Villager (Male) |
| 38:05 | Queue | Villager (Male) |
| 38:05 | Queue | Villager (Male) |
| 38:05 | Queue | Villager (Male) |
| 38:47 | Queue | Villager (Male) |
| 38:49 | Queue | Tarkan |
| 38:49 | Queue | Tarkan |
| 38:50 | Queue | Tarkan |
| 38:50 | Queue | Tarkan |
| 39:22 | Research | Forging |
Match timeline
| 0:08 | N B · first_building Dock |
| 0:17 | 16+顛峰 猛起 · first_building Dock |
| 0:27 | 拿捏木村 · first_building Dock |
| 0:51 | random_aoe_user · first_building Dock |
| 1:06 | 白给的巅峰 · first_building Dock |
| 1:10 | Whoosher9355 · first_building Dock |
| 1:36 | tim.13 · first_building Dock |
| 5:01 | 16+顛峰 猛起 · wall_segment Palisade Wall x1 |
| 6:47 | 16+顛峰 猛起 · wall_segment Palisade Wall x9 |
| 8:01 | 白给的巅峰 · wall_segment Palisade Wall x1 |
| 9:34 | 16+顛峰 猛起 · first_building Barracks |
| 9:51 | Whoosher9355 · wall_segment Palisade Wall x1 |
| 10:38 | Whoosher9355 · age_up feudal |
| 10:39 | N B · age_up feudal |
| 10:55 | Whoosher9355 · wall_segment Palisade Wall x1 |
| 11:10 | random_aoe_user · wall_segment Palisade Wall x1 |
| 11:11 | 16+顛峰 猛起 · age_up feudal |
| 11:13 | 拿捏木村 · age_up feudal |
| 11:21 | 拿捏木村 · first_building Barracks |
| 11:44 | 16+顛峰 猛起 · first_building Archery Range |
| 11:53 | tim.13 · age_up feudal |
| 12:09 | 白给的巅峰 · age_up feudal |
| 12:21 | 拿捏木村 · first_building Stable |
| 12:21 | freedom is not free · age_up feudal |
| 12:24 | 拿捏木村 · first_building Archery Range |
| 12:45 | random_aoe_user · age_up feudal |
| 13:41 | 白给的巅峰 · wall_segment Stone Wall x1 |
| 14:22 | random_aoe_user · first_market_sell 100 wood |
| 15:23 | 拿捏木村 · age_up castle |
| 15:25 | 白给的巅峰 · first_market_sell 100 food |
| 15:26 | 拿捏木村 · first_building Siege Workshop |
| 16:26 | tim.13 · first_market_sell 100 food |
| 16:34 | 白给的巅峰 · age_up castle |
| 17:03 | random_aoe_user · age_up castle |
| 17:06 | freedom is not free · age_up castle |
| 17:08 | Whoosher9355 · age_up castle |
| 17:14 | freedom is not free · first_market_sell 100 wood |
| 17:16 | freedom is not free · first_market_buy 100 food |
| 17:53 | 拿捏木村 · first_market_sell 100 stone |
| 18:06 | 白给的巅峰 · first_building Castle |
| 18:09 | random_aoe_user · first_market_buy 100 wood |
| 18:47 | Whoosher9355 · first_market_buy 100 wood |
| 18:48 | Whoosher9355 · first_market_sell 100 food |
| 19:02 | 16+顛峰 猛起 · first_market_sell 100 wood |
| 19:08 | tim.13 · age_up castle |
| 19:21 | 拿捏木村 · first_market_buy 100 stone |
| 19:33 | N B · first_market_sell 100 wood |
| 20:00 | 16+顛峰 猛起 · first_building Stable |
| 20:49 | tim.13 · first_building Barracks |
| 21:27 | tim.13 · first_building Stable |
| 21:50 | 16+顛峰 猛起 · age_up castle |
| 22:13 | N B · age_up castle |
| 22:28 | 16+顛峰 猛起 · first_building Castle |
| 23:05 | freedom is not free · first_building Castle |
| 23:06 | Whoosher9355 · first_building Siege Workshop |
| 23:42 | 白给的巅峰 · first_market_buy 100 stone |
| 25:07 | N B · wall_segment Palisade Wall x1 |
| 26:42 | Whoosher9355 · first_building Monastery |
| 27:04 | Whoosher9355 · first_building Barracks |
| 27:21 | N B · wall_segment Stone Wall x4 |
| 27:22 | N B · wall_segment Stone Wall x2 |
| 28:30 | Whoosher9355 · first_building Archery Range |
| 29:38 | Whoosher9355 · first_building Castle |
| 29:51 | tim.13 · first_building Castle |
| 29:53 | N B · first_market_buy 100 stone |
| 30:34 | Whoosher9355 · age_up imperial |
| 31:19 | N B · first_building Barracks |
| 31:37 | tim.13 · first_building Siege Workshop |
| 33:15 | random_aoe_user · first_building Castle |
| 34:29 | random_aoe_user · first_building Barracks |
| 34:37 | 16+顛峰 猛起 · first_building Siege Workshop |
| 35:33 | 拿捏木村 · first_building Castle |
| 36:20 | 拿捏木村 · wall_segment Stone Wall x3 |
| 36:34 | N B · first_building Archery Range |
| 37:14 | 16+顛峰 猛起 · age_up imperial |
| 37:53 | 16+顛峰 猛起 · wall_segment Stone Wall x1 |
| 38:57 | random_aoe_user · age_up imperial |
| 39:37 | 白给的巅峰 · wall_segment Stone Wall x3 |
| 39:51 | 拿捏木村 · resign |
| 39:53 | 白给的巅峰 · wall_segment Stone Wall x3 |
[ AI ANALYSIS · 1 CREDIT ]
What really happened in this match?
Wolo.gg analyzes every decision: build order, eco, micro, common mistakes by bracket. Personalized analysis on WhatsApp or Discord in 30 seconds.
Civ guide
Vikings
Perfil
Jugador #208314